 Dungeon Crawl Stone Soup version 0.29-a0-330-g52719c12eb (webtiles) character file.

Game seed: 10347551031669414251

11 Crownlay the Magician (level 2, 0/20 HPs)
             Began as a Gnoll Wanderer on May 24, 2022.
             Slain by a quokka (4 damage)
             ... on level 1 of the Dungeon.
             The game lasted 00:01:11 (672 turns).

Crownlay the Magician (Gnoll Wanderer)               Turns: 672, Time: 00:01:12

Health: 0/20       AC:  2    Str:  9    XL:     2   Next: 29%
Magic:  10/10      EV: 12    Int: 15    God:
Gold:   0          SH:  0    Dex:  9    Spells: 14/15 levels left

rFire   . . .      SeeInvis .   a - +2 hand axe (freeze)
rCold   . . .      Faith    .   (no shield)
rNeg    . . .      Spirit   .   c - +0 robe
rPois   .          Reflect  .   (no helmet)
rElec   .          Harm     .   (no cloak)
rCorr   .          Rampage  .   (no gloves)
Will    .....                   (no boots)
Stlth   +.........              (no amulet)
HPRegen 0.06/turn               (no ring)
MPRegen 0.12/turn               (no ring)

@: no status effects
A: fangs 1, strong nose, distributed training
a: no special abilities


You were on level 1 of the Dungeon.
You visited 1 branch of the dungeon, and saw 1 of its levels.

Inventory:

Hand Weapons
 a - a +2 hand axe of freezing (weapon)
Armour
 c - a +0 robe (worn)
Wands
 d - a wand of flame (2)
Scrolls
 f - a scroll of identify {unknown}
 h - a scroll of fog {unknown}
Potions
 b - a potion of lignification
 e - a potion of brilliance {unknown}
 g - a potion of magic {unknown}


   Skills:
 + Level 0.3 Fighting
 + Level 0.3 Short Blades
 + Level 0.3 Long Blades
 + Level 0.3 Axes
 + Level 0.3 Maces & Flails
 + Level 0.3 Polearms
 + Level 0.3 Staves
 + Level 0.3 Slings
 + Level 0.3 Bows
 + Level 0.3 Crossbows
 + Level 0.3 Throwing
 + Level 0.3 Armour
 + Level 2.4 Dodging
 + Level 0.3 Stealth
 + Level 0.3 Shields
 + Level 0.3 Unarmed Combat
 + Level 7.1 Spellcasting
 + Level 0.2 Conjurations
 + Level 0.2 Hexes
 + Level 0.2 Summonings
 + Level 7.0 Necromancy
 + Level 0.2 Translocations
 + Level 0.2 Transmutations
 + Level 0.2 Fire Magic
 + Level 0.2 Ice Magic
 + Level 0.2 Air Magic
 + Level 0.2 Earth Magic
 + Level 0.2 Poison Magic
 + Level 2.5 Invocations
 + Level 2.4 Evocations


You had 14 spell levels left.
You knew the following spells:

 Your Spells              Type           Power      Damage    Failure   Level
a - Pain                  Necr           100%       1d9       1%          1

Your spell library contained the following spells:

 Spells                   Type           Power      Damage    Failure   Level
 Sublimation of Blood     Necr           26%        N/A       1%          2
 Dispel Undead            Necr           26%        3d13      7%          4
 Apportation              Tloc           12%        N/A       12%         1
 Gell's Gravitas          Tloc           6%         N/A       34%         3


Dungeon Overview and Level Annotations

Branches:
Dungeon (1/15)

Altars:


Innate Abilities, Weirdness & Mutations

You have very sharp teeth.
Your uncanny sense of smell can sniff out nearby items.
Your experience applies equally to all skills.


Message History

The kobold shouts!
The hobgoblin barely misses you. The hobgoblin misses you.
You barely miss the hobgoblin. Your bite misses the hobgoblin.
The hobgoblin barely misses you.
The kobold writhes in agony.
The hobgoblin hits you. The kobold hits you with a +0 dagger.
You are too injured to fight recklessly!
You are too injured to fight recklessly!
Casting: Pain (safe; 1% risk of failure)
Confirm with . or Enter, or press ? or * to list all spells.
Aiming: Pain (safe; 1% risk of failure)
Press: ? - help, Shift-Dir - straight line, f - hobgoblin, p - kobold
Aim: a hobgoblin (chance to affect: 93%)
The hobgoblin writhes in agony.
The hobgoblin hits you.
* * * LOW HITPOINT WARNING * * *
The kobold barely misses you.
You are too injured to fight recklessly!
You are too injured to fight recklessly!
You hit the hobgoblin. You freeze the hobgoblin.
You kill the hobgoblin!
You barely miss the kobold. The kobold hits you with a +0 dagger.
* * * LOW HITPOINT WARNING * * *
You hit the kobold. You freeze the kobold.
You kill the kobold!
A quokka comes into view.
You are too injured to fight recklessly!
You are too injured to fight recklessly!
A frilled lizard comes into view.
Found 5 large rocks and a scroll labelled JIEKKIEHIWN.
The frilled lizard hisses angrily.
You see here a scroll labelled OTEZ QUTEO.
h - a scroll labelled OTEZ QUTEO An endoplasm comes into view.
You closely miss the quokka. The quokka closely misses you.
You barely miss the quokka. The quokka bites you.
* * * LOW HITPOINT WARNING * * *
The quokka barely misses you.
You closely miss the quokka. The quokka barely misses you.
You barely miss the quokka. The quokka bites you.
You die...

### ... . ∆ .. #.. ##..
#.# ∆#..####.. ##.#
#.......### ###..#######
#..##....###...#......#
#...(....lr@.###......#
...##..###.###.........#
.........##.##..#.......#
.####..#.#...)..........#
#....#...##)......##..#
.....###..r..#.##..##..#
.....# #...#...#..).#.##
..### ##..#.##.......# ..
#..........##.#


You could see a quokka and a frilled lizard.

Vanquished Creatures
  A dart slug (D:1)
  A ball python (D:1)
  A giant cockroach (D:1)
  A goblin (D:1)
  A hobgoblin (D:1)
  A kobold (D:1)
  A quokka (D:1)
  A frilled lizard (D:1)
8 creatures vanquished.

Notes
Turn   | Place    | Note
-------+----------+-------------------------------------------
     0 | D:1      | Crownlay the Gnoll Wanderer began the quest for the Orb.
     0 | D:1      | Crownlay set off with the following items: a +0 club, a
                  | potion of lignification, a +0 robe, a wand of flame (3);
                  | and the following spells available to memorise: Pain,
                  | Sublimation of Blood, Dispel Undead, Apportation, Gell's
                  | Gravitas
     0 | D:1      | Reached XP level 1. HP: 13/13 MP: 8/8
     2 | D:1      | Learned a level 1 spell: Pain
   252 | D:1      | Found a faded altar of an unknown god.
   261 | D:1      | Reached XP level 2. HP: 5/19 MP: 7/10
   672 | D:1      | Slain by a quokka

Illustrated notes

Levels and vault maps discovered:
D:1:      elethiomel_arrival_infinity_welcomes_careful_drivers, layout_rooms,
          hellmonk_ecumenical_altar_blasted

Action                   || total
-------------------------++-------
Melee: Hand axe          ||    13
       Club              ||     1
       Bite              ||     1
 Cast: Pain              ||    12
Evoke: Wand              ||     1
Armor: Robe              ||     4
Dodge: Dodged            ||    24

Table legend: (Time is in decaauts)
 A = Elapsed time spent in this place.
 B = Non-inter-level travel time spent in this place.
 C = Inter-level travel time spent in this place.
 D = Time resting spent in this place.
 E = Time spent auto-exploring this place.
 F = Levels seen in this place.
 G = Mean time per level.
                   A        B        C        D        E       F      G
               +--------+--------+--------+--------+--------+-----+--------+
         Total |    674 |    674 |      0 |      0 |    584 |   1 |  674.0 |
       Dungeon |    674 |    674 |      0 |      0 |    584 |   1 |  674.0 |
               +--------+--------+--------+--------+--------+-----+--------+

Top non-repeatable levels by time:
     D:1: 674 daAuts
